 Dungeon Crawl Stone Soup version 0.29-a0-233-g1125b37a9b (webtiles) character file.

Game seed: 10927119580110297338

87 bande the Covered (level 4, -1/29 HPs)
             Began as a Gargoyle Fighter on Mar 2, 2022.
             Slain by a wight
             ... wielding a +2 mace
              (2 damage)
             ... on level 4 of the Dungeon.
             The game lasted 00:04:21 (3050 turns).

bande the Covered (Gargoyle Fighter)                Turns: 3050, Time: 00:04:23

Health: -1/29      AC: 11    Str: 19    XL:     4   Next: 51%
Magic:  4/4        EV:  6    Int:  9    God:
Gold:   179        SH:  5    Dex: 11    Spells: 3/3 levels left

rFire   + . .      SeeInvis .   a - +0 war axe
rCold   . . .      Faith    .   c - +1 buckler
rNeg    + . .      Spirit   .   b - +0 scale mail
rPois   ∞          Reflect  .   (no helmet)
rElec   +          Harm     .   j - +0 cloak
rCorr   +          Rampage  .   (no gloves)
Will    .....                   (no boots)
Stlth   ..........              (no amulet)
HPRegen 0.09/turn               g - ring of protection from fire
MPRegen 0.09/turn               l - ring of resist corrosion

@: constricted, invisible
A: sickness immunity, AC +3, negative energy resistance 1, electricity
resistance, torment resistance 1, petrification resistance
a: no special abilities


You were on level 4 of the Dungeon.
You visited 1 branch of the dungeon, and saw 4 of its levels.

You collected 179 gold pieces.

Inventory:

Hand Weapons
 a - a +0 war axe (weapon)
Armour
 b - a +0 scale mail (worn)
 c - a +1 buckler (worn)
 j - a +0 cloak (worn)
Jewellery
 g - a ring of protection from fire (left hand)
 l - a ring of resist corrosion (right hand)
Wands
 n - a wand of paralysis (11)
Scrolls
 h - 2 scrolls of teleportation
 i - a scroll of enchant armour
 o - a scroll of magic mapping
Potions
 d - 2 potions of might
 e - a potion of flight
 f - 4 potions of brilliance
 k - a potion of invisibility
 m - a potion of lignification {unknown}


   Skills:
 + Level 3.8 Fighting
 + Level 2.9 Axes
 + Level 4.0 Armour
 + Level 3.7 Shields


You had 3 spell levels left.
You didn't know any spells.
Your spell library contained the following spells:

 Spells                   Type           Power      Damage    Failure   Level
 Static Discharge         Conj/Air       0%         N/A       93%         2
 Lightning Bolt           Conj/Air       0%         1d11      100%        5
 Maxwell's Capacitive Co  Air            0%         ∞         100%        8


Dungeon Overview and Level Annotations

Branches:
Dungeon (4/15)
 Temple: D:4-7

Altars:
Xom

Shops:
D:2 **=!


Innate Abilities, Weirdness & Mutations

You are immune to sickness and miasma.
Your stone body is resilient. (AC +3)
You are immune to poison.
You resist negative energy. (rN+)
You are resistant to electric shocks. (rElec)
You are resistant to unholy torment.
You are immune to petrification.


Message History

The wight hits you but does no damage. The wight closely misses you.
You barely miss the wight. You closely miss the wight.
The wight hits you but does no damage. x2; You block the wight's attack.
The wight barely misses you.
Unknown command.
You barely miss the wight. You closely miss the wight.
The wight hits you but does no damage. The ball python barely misses you. x2
The wight closely misses you.
Unknown command.
You closely miss the wight. You hit the wight but do no damage.
You hit the ball python. You block the ball python's attack.
The ball python closely misses you. The wight closely misses you. x2
The ball python barely misses you. You block the ball python's attack.
The wight hits you with a +2 mace.
Unknown command.
You hit the wight but do no damage. You hit the wight.
You closely miss the ball python. You block the wight's attack.
You block the ball python's attack. The ball python grabs you.
The ball python constricts you. The wight hits you with a +2 mace!
* * * LOW HITPOINT WARNING * * *
The wight hits you with a +0 great sword.
* * * LOW HITPOINT WARNING * * *
The ball python bites you but does no damage.
The ball python constricts you.
You hit the wight.
The wight is lightly damaged.
You barely miss the ball python. You hit the wight.
The wight hits you with a +2 mace.
* * * LOW HITPOINT WARNING * * *
You block the ball python's attack. The ball python constricts you.
You block the wight's attack. The wight hits you with a +2 mace.
* * * LOW HITPOINT WARNING * * *
Unknown command.
It was a potion of invisibility.
You fade into invisibility!
The ball python bites you but does no damage.
The ball python constricts you.
* * * LOW HITPOINT WARNING * * *
The wight hits you but does no damage. The wight hits you with a +2 mace.
You die...

#.>...............<..........#
####...#.......................##
.......#.........................
.###...###...................##.#
.##......##.................##
.##......###...............##
.##......# ##)............##
.#############...z.......## .#
........S@z...... .#
.....<..#...>.... .#
........##....... ........#
######. ........# #######.# #P.
...


You could see 2 wights and a ball python.

Vanquished Creatures
  An adder (D:2)
  3 worms
  A dart slug (D:1)
  2 orcs
  2 ball pythons
  10 endoplasms
  A giant cockroach (D:1)
  8 hobgoblins
  3 quokkas
  6 bats
  4 frilled lizards
  10 goblins
  2 kobolds (D:1)
  7 rats
60 creatures vanquished.

Vanquished Creatures (others)
  4 plants (D:4)
4 creatures vanquished.

Grand Total: 64 creatures vanquished

Notes
Turn   | Place    | Note
-------+----------+-------------------------------------------
     0 | D:1      | bande the Gargoyle Fighter began the quest for the Orb.
     0 | D:1      | Reached XP level 1. HP: 14/14 MP: 1/1
    91 | D:1      | Reached XP level 2. HP: 16/19 MP: 2/2
   756 | D:1      | Reached XP level 3. HP: 14/24 MP: 3/3
  1621 | D:2      | Found Tacuehatt's General Store.
  1704 | D:2      | Reached XP level 4. HP: 27/29 MP: 4/4
  1961 | D:2      | Found Cieteuze's Distillery.
  2013 | D:2      | Found Oriumm's Jewellery Emporium.
  2109 | D:2      | Found Roletha's General Store.
  2285 | D:3      | Found a faded altar of an unknown god.
  2699 | D:3      | Reached skill level 4 in Armour
  2767 | D:3      | Found a shimmering altar of Xom.
  2770 | D:3      | Found a shimmering altar of Xom.
  2771 | D:3      | Found a shimmering altar of Xom.
  2771 | D:3      | Found a shimmering altar of Xom.
  3050 | D:4      | HP: 1/29 [constriction (1)]
  3050 | D:4      | Slain by a wight

Illustrated notes

Levels and vault maps discovered:
D:1:      denvon_arrival_planthouse, layout_basic, st_stairs_3
D:2:      layout_rooms, serial_shops, shop_statue, nicolae_diamond_shop, shop,
          shop_statue, st_stairs_12
D:3:      layout_rooms, xom_redecorated, chequers_ecumenical_altar_simple,
          kennysheep_cluttered_room
D:4:      layout_basic, nicolae_ru_sacrificial_ziggurat, serial_forest,
          infiniplex_forest_clump_double, infiniplex_forest_corner_1,
          infiniplex_forest_lined_3, infiniplex_forest_zigzag_1,
          infiniplex_forest_clump_curved, infiniplex_forest_lined_1,
          infiniplex_forest_pool, infiniplex_forest_lined_room_3,
          uniq_blork_the_orc, uniq_grinder, uniq_crazy_yiuf_cottage

Skill      XL: |  1  2  3  4 |
---------------+-------------+-----
Axes           | 2 |  2.9
Armour         | 4 |  4.0
Fighting       | |  3.8
Shields        | |  3.7

Action                   |  1- 3 |  4- 6 || total
-------------------------+-------+-------++-------
Melee: War axe           |   110 |    60 ||   170
  Use: Scroll            |     3 |     6 ||     9
       Potion            |       |     1 ||     1
Armor: Scale mail        |    71 |    25 ||    96
Dodge: Dodged            |    61 |    31 ||    92
Block: Buckler           |    30 |    25 ||    55

Table legend: (Time is in decaauts)
 A = Elapsed time spent in this place.
 B = Non-inter-level travel time spent in this place.
 C = Inter-level travel time spent in this place.
 D = Time resting spent in this place.
 E = Time spent auto-exploring this place.
 F = Levels seen in this place.
 G = Mean time per level.
                   A        B        C        D        E       F      G
               +--------+--------+--------+--------+--------+-----+--------+
         Total |   3123 |   3104 |     19 |    179 |   2418 |   4 |  780.8 |
       Dungeon |   3123 |   3104 |     19 |    179 |   2418 |   4 |  780.8 |
               +--------+--------+--------+--------+--------+-----+--------+

Top non-repeatable levels by time:
     D:1: 1528 daAuts
     D:2: 814 daAuts
     D:3: 555 daAuts
     D:4: 225 daAuts
